 Dungeon Crawl Stone Soup version 0.30-a0-778-g2ef04afb54 (webtiles) character file.

Game seed: 5243731759865529264

10927 themarg the Fighter (level 11, 0/90 HPs)
             Began as a Demonspawn Fire Elementalist on Feb 17, 2023.
             Was an Elder of Nemelex Xobeh.
             Slain by a six-headed hydra (7 damage)
             ... on level 1 of the Lair of Beasts.
             The game lasted 00:47:57 (15947 turns).

themarg the Fighter (Demonspawn Fire Elementalist) Turns: 15947, Time: 00:47:57

Health: 0/90       AC: 16    Str: 15    XL:     11   Next: 42%
Magic:  5/30       EV: 14    Int: 20    God:    Nemelex Xobeh [****..]
Gold:   168        SH:  0    Dex: 14    Spells: 15/24 levels left

rFire   . . .      SeeInvis .    A - +2 dagger (drain)
rCold   . . .      Faith    .    (no shield)
rNeg    . . .      Spirit   .    U - +1 robe of the Living God {+Blink Str+6}
rPois   +          Reflect  .    w - +0 helmet of the Other Side {Slay+2}
rElec   .          Harm     .    r - +2 cloak
rCorr   .          Rampage  .    o - +2 pair of gloves
Will    .....                    (no boots)
Stlth   ++                       (no amulet)
HPRegen 0.35/turn                C - ring of magical power
MPRegen 0.22/turn                P - ring of poison resistance

@: about to teleport, sanguine armoured
A: spiny 1, sanguine armour 1, demonic magic 3
a: Renounce Religion, Evoke Blink, Draw Escape, Draw Destruction, Draw
Summoning, Triple Draw, Deal Four


You were on level 1 of the Lair of Beasts.
You worshipped Nemelex Xobeh.
Nemelex Xobeh was greatly pleased with you.
You visited 3 branches of the dungeon, and saw 13 of its levels.
You also visited: Sewer and Ossuary.

You collected 720 gold pieces.
You spent 552 gold pieces at shops.

Inventory:

Hand Weapons
 A - a +2 dagger of draining (weapon)
 F - a +0 flail of draining
Missiles
 c - 2 curare-tipped darts
 e - 189 stones
 x - 36 poisoned darts
 L - 3 throwing nets
Armour
 o - a +2 pair of gloves (worn)
 r - a +2 cloak (worn)
 u - a +0 troll leather armour
 w - the +0 helmet of the Other Side (worn) {Slay+2}
   (You bought it in a shop on level 9 of the Dungeon)

   Slay:      It affects your accuracy & damage with ranged weapons and melee
   (+2).
 I - +0 steam dragon scales
 U - the +1 robe of the Living God (worn) {+Blink Str+6}
   (You found it on level 7 of the Dungeon)

   Str:       It affects your strength (+6).
   +Blink:    It lets you blink.
Magical Staves
 m - a staff of poison
Jewellery
 C - a ring of magical power (left hand)
 E - a ring of positive energy
 J - a ring of magical power
 N - a ring of willpower
 P - a ring of poison resistance (right hand)
 R - the ring "Ydgheeg" {+Blink Fly rF+++ Int-3 Stlth+}
   (You found it in an ossuary)

   [ring of flight]

   Int:       It affects your intelligence (-3).
   rF:        It renders you almost immune to fire.
   Fly:       It grants you flight.
   +Blink:    It lets you blink.
   Stlth:     It makes you more stealthy.
 Z - an amulet of magic regeneration
Wands
 V - a wand of iceblast (7)
 X - a wand of paralysis (10)
Scrolls
 f - 5 scrolls of identify
 i - 7 scrolls of fear
 j - 3 scrolls of immolation {unknown}
 l - 8 scrolls of teleportation
 s - 4 scrolls of blinking {unknown}
 t - 2 scrolls of acquirement {unknown}
 y - a scroll of brand weapon {unknown}
 D - 4 scrolls of vulnerability {unknown}
 G - 2 scrolls of amnesia {unknown}
 H - 2 scrolls of noise {unknown}
 K - 2 scrolls of magic mapping {unknown}
 O - 2 scrolls of enchant weapon {unknown}
 Q - 3 scrolls of fog {unknown}
 T - 3 scrolls of poison {unknown}
Potions
 a - a potion of brilliance
 b - 2 potions of magic
 d - 8 potions of curing
 g - 3 potions of resistance
 h - 7 potions of heal wounds
 k - a potion of haste
 n - 7 potions of mutation
 p - 8 potions of lignification
 q - 2 potions of attraction {unknown}
 v - 3 potions of ambrosia
 z - 2 potions of invisibility
 B - 3 potions of might
 S - 2 potions of flight
 W - a potion of berserk rage {unknown}
 Y - 2 potions of cancellation {unknown}
Miscellaneous
 M - a lightning rod (1/4)


   Skills:
 - Level 10.0 Fighting
 + Level 4.5 Short Blades
 - Level 2.0 Throwing
 - Level 5.0 Dodging
 - Level 2.0 Stealth
 - Level 7.0 Spellcasting
 - Level 5.0 Conjurations
 + Level 0.8 Summonings
 - Level 3.0 Necromancy
 - Level 7.0 Fire Magic
 + Level 7.1 Invocations
 - Level 2.0 Evocations


You had 15 spell levels left.
You knew the following spells:

 Your Spells              Type           Power      Damage    Failure   Level
a - Foxfire               Conj/Fire      100%       2x1d9     1%          1
b - Scorch                Fire           70%        2d8       1%          2
c - Flame Wave            Conj/Fire      31%        2d9       8%          4
S - Sublimation of Blood  Necr           19%        N/A       4%          2

Your spell library contained the following spells:

 Spells                   Type           Power      Damage    Failure   Level
 Inner Flame              Hex/Fire       21%        N/A       7%          3
 Sting                    Tmut/Pois      28%        1d4       10%         1
 Kindle Blastsparks       Fire/Tloc/Air  32%        2d12      11%         3
 Poisonous Vapours        Pois/Air       14%        N/A       14%         2
 Wereblood                Tmut           7%         N/A       14%         2
 Call Canine Familiar     Summ           10%        N/A       21%         3
 Portal Projectile        Hex/Tloc       14%        N/A       28%         3
 Leda's Liquefaction      Hex/Erth       3%         N/A       67%         4
 Olgreb's Toxic Radiance  Pois           7%         N/A       67%         4
 Summon Forest            Summ/Tloc      4%         N/A       91%         5
 Summon Mana Viper        Hex/Summ       8%         N/A       91%         5
 Summon Cactus Giant      Summ           5%         N/A       100%        6
 Malign Gateway           Summ/Tloc      4%         N/A       100%        7
 Summon Hydra             Summ           5%         N/A       100%        7
 Summon Horrible Things   Summ           5%         N/A       100%        8


Dungeon Overview and Level Annotations

Branches:
Dungeon (11/15)            Temple (1/1) D:7            Lair (1/5) D:10
    Orc (0/2) D:10          Sewer (visited)         Ossuary (visited)

Altars:
Fedhas
Gozag
Hepliaklqana
Makhleb
Nemelex Xobeh
Ru
Trog
Vehumet
Wu Jian
Xom
Yredelemnul

Shops:
D:1 *   D:2 (   D:6 (   D:8 !   D:9 :[(*

Annotations:
D:6 3 runed translucent doors, indyram44's ghost, novice MiHu
D:7 3 exclusions
D:10 3 runed translucent doors, sirJeffrey23's ghost, novice AtFi
D:11 Sonja


Innate Abilities, Weirdness & Mutations

You are partially covered in sharp spines.
When seriously injured, your blood forms armour. (AC +6)
Spells you cast and wands you use may paralyse nearby enemies.


Message History

The komodo dragon is moderately wounded.
The komodo dragon's fire resistance burns away.
Malevolent energies surge around you. The komodo dragon barely misses you.
The six-headed hydra is struck by your spines.
The six-headed hydra bites you but does no damage.
The six-headed hydra misses you.
The six-headed hydra bites you but does no damage. x2
The six-headed hydra barely misses you. The six-headed hydra bites you.
Flames lash the yak.
The yak is heavily wounded.
The yak's fire resistance burns away.
Malevolent energies surge around you.
The komodo dragon suddenly stops moving! x2
The yak suddenly stops moving!
The six-headed hydra is struck by your spines.
The six-headed hydra bites you but does no damage.
The six-headed hydra bites you!
The six-headed hydra bites you but does no damage. x2
The six-headed hydra bites you!
The six-headed hydra bites you but does no damage.
As you read the scroll of teleportation, it crumbles to dust.
You feel strangely unstable.
The komodo dragon is no longer more vulnerable to fire.
The yak is no longer paralysed.
The six-headed hydra is struck by your spines.
The six-headed hydra barely misses you. x2
The six-headed hydra closely misses you.
The six-headed hydra bites you.
The six-headed hydra bites you but does no damage. x2
Flames lash the six-headed hydra.
The six-headed hydra is burned terribly!
The six-headed hydra is severely wounded.
Malevolent energies surge around you.
The six-headed hydra is struck by your spines.
The six-headed hydra bites you. The six-headed hydra bites you!
* * * LOW HITPOINT WARNING * * *
The six-headed hydra bites you!
* * * LOW HITPOINT WARNING * * *
The six-headed hydra bites you!
You die...
Your body glows with a rainbow of weird colours and disappears.

.......~.P........#
....#..~~~.......#
#...l.~~~~...)....#
(#...~~~~~~~......##
...P~~~.~..........#
..................##
..(.........Y.....#
...........lDl....#
.............@....#
........†........#
................#
...............##
...............#
..............##
..............#
.....##'#.#...# ....
##.##....##


You could see a six-headed hydra (combustible), 2 komodo dragons and a yak
(combustible).

Vanquished Creatures
  Harold (D:10)
  A boulder beetle (D:10)
  2 two-headed ogres
  Joseph (D:10)
  2 unseen horrors
  A komodo dragon (D:10)
  A troll (D:9)
  A hornet (D:11)
  4 shadows
  A wyvern (D:9)
  3 yaks (D:10)
  A wraith (D:11)
  A basilisk (Lair:1)
  3 steam dragons
  4 wargs (D:10)
  An acid dragon (D:11)
  2 water moccasins (D:6)
  An ice beast (D:7)
  A black bear (D:7)
  5 centaurs
  8 bullfrogs
  3 kobold brigands
  A necrophage (D:7)
  16 scorpions
  7 wights
  9 killer bees
  A centaur zombie (Ossuary)
  A jelly (D:6)
  4 human zombies (Ossuary)
  8 orc priests
  3 hounds
  6 iguanas
  11 orc wizards
  3 mummies (Ossuary)
  6 adders
  7 gnolls
  9 river rats (Sewer)
  5 worms
  3 dart slugs
  23 orcs
  12 endoplasms
  3 giant cockroaches
  A gnoll zombie (Ossuary)
  11 goblins
  7 hobgoblins
  2 jackals (D:4)
  35 kobolds
  3 quokkas
  10 ball pythons
  5 bats
  3 frilled lizards
  2 goblin zombies (Ossuary)
  4 hobgoblin zombies (Ossuary)
  2 kobold zombies (Ossuary)
  2 orc zombies (Ossuary)
  25 rats
298 creatures vanquished.

Vanquished Creatures (collateral kills)
  2 foxfires (D:1)
2 creatures vanquished.

Vanquished Creatures (others)
  583 foxfires
  5 plants
588 creatures vanquished.

Grand Total: 888 creatures vanquished

Notes
Turn   | Place    | Note
-------+----------+-------------------------------------------
     0 | D:1      | themarg the Demonspawn Fire Elementalist began the quest
                  | for the Orb.
     0 | D:1      | Reached XP level 1. HP: 13/13 MP: 3/3
   306 | D:1      | Found Xump's Assorted Antiques.
   446 | D:1      | Gained mutation: Spells you cast may paralyse adjacent
                  | enemies. [demonic ancestry]
   446 | D:1      | Reached XP level 2. HP: 19/19 MP: 0/5
   449 | D:1      | Learned a level 2 spell: Scorch
  1333 | D:2      | Reached XP level 3. HP: 24/24 MP: 1/6
  1767 | D:2      | Found Circhyap's Weapon Emporium.
  2449 | D:3      | Gained mutation: Spells you cast may paralyse nearby
                  | enemies. [demonic ancestry]
  2449 | D:3      | Reached XP level 4. HP: 30/30 MP: 3/8
  3351 | D:3      | Identified the +1 ring mail of Sif Muna's Delight {Will+
                  | Regen+ Int+2 Dex-5}
  3798 | D:4      | Gained mutation: When seriously injured, your blood forms
                  | armour. (AC +6) [demonic ancestry]
  3798 | D:4      | Reached XP level 5. HP: 22/35 MP: 0/9
  3883 | D:4      | Found a glowing drain.
  3903 | Sewer    | Entered a sewer
  4450 | Sewer    | Reached XP level 6. HP: 41/41 MP: 3/11
  4820 | Sewer    | Reached skill level 5 in Fire Magic
  5387 | D:4      | Reached skill level 1 in Fighting
  5387 | D:4      | Reached XP level 7. HP: 48/48 MP: 1/12
  6004 | D:4      | Found a sacrificial altar of Ru.
  6046 | D:4      | Reached skill level 2 in Fighting
  6757 | D:5      | Entered Level 5 of the Dungeon
  6793 | D:5      | Reached skill level 3 in Fighting
  6973 | D:5      | Reached skill level 4 in Fighting
  7159 | D:5      | Noticed a shadow
  7162 | D:5      | Killed a shadow
  7163 | D:5      | Reached skill level 5 in Fighting
  7163 | D:5      | Reached XP level 8. HP: 62/62 MP: 13/13
  7886 | D:6      | Found a sparkling altar of Nemelex Xobeh.
  7892 | D:6      | Reached skill level 5 in Conjurations
  7985 | D:6      | Found a runed translucent gate.
  7985 | D:6      | Found a runed translucent gate.
  7985 | D:6      | Found a runed translucent gate.
  7985 | D:6      | Noticed indyram44's ghost (novice MiHu)
  8161 | D:6      | Found Solapa's Weapon Shoppe.
  8476 | D:6      | Noticed a two-headed ogre
  8484 | D:6      | Killed a two-headed ogre
  8485 | D:6      | Reached skill level 5 in Spellcasting
  8485 | D:6      | Reached XP level 9. HP: 68/68 MP: 16/16
  8488 | D:6      | Learned a level 2 spell: Sublimation of Blood
  8732 | D:6      | Became a worshipper of Nemelex Xobeh the Trickster
  8883 | D:7      | Found a staircase to the Ecumenical Temple.
  8893 | Temple   | Entered the Ecumenical Temple
  8932 | D:7      | Reached skill level 1 in Invocations
  9018 | D:7      | Found a sand-covered staircase.
  9023 | Ossuary  | Entered an ossuary
  9486 | Ossuary  | Reached skill level 5 in Invocations
  9720 | Ossuary  | Identified the ring "Ydgheeg" {+Blink Fly rF+++ Int-3
                  | Stlth+}
  9848 | D:7      | Reached * piety under Nemelex Xobeh
  9869 | D:7      | Found a burning altar of Makhleb.
  9879 | D:7      | Identified the +1 robe of the Living God {+Blink Str+6}
 10003 | D:7      | Found a basalt altar of Yredelemnul.
 10063 | D:7      | Reached skill level 1 in Short Blades
 10142 | D:7      | Received a gift from Nemelex Xobeh
 10390 | D:7      | Gained mutation: Spells you cast and wands you use may
                  | paralyse nearby enemies. [demonic ancestry]
 10390 | D:7      | Reached XP level 10. HP: 33/74 MP: 20/20
 10829 | D:7      | Learned a level 4 spell: Flame Wave
 10871 | D:8      | Found a blossoming altar of Fedhas.
 11036 | D:8      | Found Qiruph's Distillery.
 11042 | D:8      | Reached ** piety under Nemelex Xobeh
 11044 | D:8      | Bought a potion of invisibility for 88 gold pieces
 11044 | D:8      | Bought a potion of lignification for 33 gold pieces
 11044 | D:8      | Bought a potion of flight for 33 gold pieces
 11044 | D:8      | Bought a potion of ambrosia for 88 gold pieces
 11044 | D:8      | Bought a potion of brilliance for 44 gold pieces
 11677 | D:8      | Received a gift from Nemelex Xobeh
 11986 | D:9      | Found Bempet's Book Emporium.
 12077 | D:9      | Found Dexzuuro's Antique Weapon Shoppe.
 12208 | D:9      | Found Huarolli's General Store.
 12337 | D:9      | Found Axkyis's Antique Armour Shop.
 12367 | D:9      | Bought a dazzling helmet for 266 gold pieces
 12367 | D:9      | Identified the +0 helmet of the Other Side {Slay+2} (You
                  | bought it in a shop on level 9 of the Dungeon)
 12412 | D:9      | Reached skill level 6 in Fighting
 12505 | D:9      | Reached *** piety under Nemelex Xobeh
 12779 | D:9      | Received a gift from Nemelex Xobeh
 12993 | D:10     | Entered Level 10 of the Dungeon
 12994 | D:10     | Noticed Joseph
 13065 | D:10     | Found a staircase to the Lair.
 13075 | D:10     | Found a runed translucent gate.
 13075 | D:10     | Found a runed translucent gate.
 13075 | D:10     | Found a runed translucent gate.
 13083 | D:10     | Killed Joseph
 13084 | D:10     | Reached skill level 7 in Fighting
 13319 | D:10     | Reached skill level 8 in Fighting
 13459 | D:10     | Noticed Harold
 13498 | D:10     | Noticed sirJeffrey23's ghost (novice AtFi)
 13535 | D:10     | Noticed a boulder beetle
 13565 | D:10     | Found a staircase to the Orcish Mines.
 13603 | D:10     | Reached skill level 9 in Fighting
 13734 | D:10     | Killed Harold
 13735 | D:10     | Gained mutation: You are partially covered in sharp spines.
                  | [demonic ancestry]
 13735 | D:10     | Reached XP level 11. HP: 84/89 MP: 21/21
 14379 | D:10     | Reached skill level 10 in Fighting
 14385 | D:10     | Killed a boulder beetle
 14714 | D:11     | Noticed Sonja
 14941 | D:11     | Reached **** piety under Nemelex Xobeh
 15184 | D:11     | Noticed a two-headed ogre
 15190 | D:11     | Killed a two-headed ogre
 15191 | D:11     | Reached skill level 5 in Dodging
 15783 | Lair:1   | Entered Level 1 of the Lair of Beasts
 15934 | Lair:1   | Noticed a six-headed hydra
 15947 | Lair:1   | Slain by a six-headed hydra

Illustrated notes

Levels and vault maps discovered:
D:1:      dpeg_cavernosity, layout_basic, serial_shops,
          nicolae_shop_overgrown_old_shop
D:2:      layout_rooms, serial_shops, shop, chequers_serial_rivers_small_3,
          reono_crystal_passage
D:3:      layout_basic, minmay_misc_feat_five
D:4:      layout_basic, nicolae_ru_awakened_eye, cheibrodos_sewer_entry_bend,
          minmay_fractal_squares_5
D:5:      layout_basic, serial_corexii_hall, chequers_hall_statues_corner_a,
          corexii_hall_statues_x, chequers_garden
D:6:      layout_basic, mainiacjoe_overflow_surrounded_room, serial_shops, shop,
          ebering_ghost_rock_garden
D:7:      layout_gridville, mainiacjoe_overflow_six_doors_small, bloody_makhleb,
          minmay_temple_entry_steel_oval, enter_ossuary_2, minmay_misc_feat_chi
D:8:      layout_loops_corners, general_overflow_altar, serial_shops,
          nicolae_shop_competitors_out_of_business
D:9:      layout_irregular_city, mainiacjoe_overflow_small_starburst,
          serial_shops, nicolae_shop_statue_plus, nicolae_inconvenience_store,
          kennysheep_little_box, shop
D:10:     layout_roguey, lair_entry_dummy, minmay_orc_entry_guard_dogs,
          gammafunk_ghost_icy, wad_floor_pattern_untrapped, uniq_joseph,
          uniq_harold
D:11:     layout_loops_corners, uniq_sonja
Temple:   nicolae_temple_superstar
Lair:1:   beast_lair_carwin_large_4, layout_regular_city, gammafunk_ghost_ooze

Skill      XL: |  1  2  3  4  5  6  7  8  9 10 11 |
---------------+----------------------------------+-----
Stealth        | 2 |  2.0
Fire Magic     | 3 4 6 7 |  7.0
Conjurations   | 2 3 5 |  5.0
Spellcasting   | 3 5 7 |  7.0
Fighting       | 1 5 9 10 | 10.0
Dodging        | 2 3 5 |  5.0
Throwing       | 2 |  2.0
Evocations     | 2 |  2.0
Necromancy     | 3 |  3.0
Invocations    | 7 |  7.1
Short Blades   | 2 4 |  4.5
Summonings     | |  0.8

Action                     |  1- 3 |  4- 6 |  7- 9 | 10-12 || total
---------------------------+-------+-------+-------+-------++-------
  Melee: Unarmed           |     1 |       |       |       ||     1
         Short sword       |    16 |    27 |     2 |       ||    45
         Dagger            |       |       |    25 |    40 ||    65
         Punch             |       |       |     1 |       ||     1
   Cast: Foxfire           |    67 |    80 |   135 |    53 ||   335
         Scorch            |    19 |    52 |   110 |   149 ||   330
         Flame Wave        |       |       |       |     1 ||     1
 Invoke: Draw Destruction  |       |       |     1 |       ||     1
  Evoke: Lightning rod     |       |       |       |     4 ||     4
    Use: Scroll            |       |     5 |     3 |     5 ||    13
         Potion            |       |     1 |       |       ||     1
   Stab: Paralysed         |     3 |    14 |    18 |    33 ||    68
 Armour: Robe              |     3 |     6 |    15 |    23 ||    47
  Dodge: Dodged            |    14 |    11 |    26 |    39 ||    90

Table legend: (Time is in decaauts)
 A = Elapsed time spent in this place.
 B = Non-inter-level travel time spent in this place.
 C = Inter-level travel time spent in this place.
 D = Time resting spent in this place.
 E = Time spent auto-exploring this place.
 F = Levels seen in this place.
 G = Mean time per level.
                   A        B        C        D        E       F      G
               +--------+--------+--------+--------+--------+-----+--------+
         Total |  15975 |  15314 |    661 |   1771 |  11142 |  15 | 1065.0 |
       Dungeon |  13682 |  13021 |    661 |   1006 |  10242 |  11 | 1243.8 |
        Temple |     32 |     32 |      0 |      0 |      0 |   1 |   32.0 |
          Lair |    164 |    164 |      0 |      4 |    113 |   1 |  164.0 |
         Sewer |   1360 |   1360 |      0 |    543 |    542 |   1 | 1360.0 |
       Ossuary |    734 |    734 |      0 |    218 |    244 |   1 |  734.0 |
               +--------+--------+--------+--------+--------+-----+--------+

Top non-repeatable levels by time:
     D:4: 1731 daAuts
    D:10: 1565 daAuts
     D:1: 1524 daAuts
   Sewer: 1360 daAuts
     D:3: 1267 daAuts
     D:7: 1207 daAuts
     D:9: 1158 daAuts
    D:11: 1130 daAuts
     D:8: 1091 daAuts
     D:6: 1088 daAuts
     D:5: 1007 daAuts
     D:2: 909 daAuts
 Ossuary: 734 daAuts
  Lair:1: 164 daAuts
  Temple: 32 daAuts
